AoeStats
← RostiDa

QS Arena

503465671Analyzed
2v2 RM · 1mo ago on Aug 31, 2026· 45m 21s· 4 players
Game mode
Random Map
Map size
Medium (4 player)
Population
200
Speed
Normal
Resources
Standard
Victory
Conquest
Starting age
Dark Age
Ending age
Imperial Age
RankedLock teamsTeams togetherTeam positionsShared explorationLock speedFull tech treeHidden civsTurbo modeCheats
Victory
Defeat
🇧🇷 Britons · Brazil
868
+14
🇪🇸 Burgundians · Spain
825
+16
🇩🇪 Bohemians · Germany
885
-18
🇩🇪 Khmer · Germany
770
-13
paujou92
2:53 Double-Bit Axe
4:16 Wheelbarrow
8:31 Horse Collar
10:43 Feudal Age
9:53 Gold Mining
12:29 Stone Mining
15:58 Castle Age
14:45 Scale Barding Armor
15:11 Forging
15:24 Gold Mining
19:32 Fletching
20:38 Gold Shaft Mining
26:54 Imperial Age
25:30 Hand Cart
27:47 Chain Barding Armor
28:19 Burgundian Vineyards
29:10 Bow Saw
34:04 Iron Casting
33:53 Ballistics
35:04 Bodkin Arrow
36:01 Heavy Plow
37:14 Loom
37:30 Murder Holes
38:29 Conscription
40:05 Elite Coustillier
42:24 Plate Barding Armor
42:50 Blast Furnace
44:11 Crop Rotation
44:44 Two-Man Saw
44:22 Stone Shaft Mining
44:56 Bracer
46:02 Chemistry
44:48 Arrowslits
45:13 Masonry
Fuller THE MONSTER
9:01 Feudal Age
13:51 Castle Age
11:41 Double-Bit Axe
11:52 Horse Collar
12:33 Gold Mining
13:37 Padded Archer Armor
14:09 Fletching
14:13 Crossbowman
15:19 Heavy Plow
18:29 Stone Mining
19:00 Loom
21:33 Gold Shaft Mining
21:38 Leather Archer Armor
23:23 Ballistics
24:11 Wheelbarrow
24:11 Bodkin Arrow
29:25 Imperial Age
29:19 Scale Mail Armor
29:30 Forging
30:41 Ring Archer Armor
31:55 Yeomen
31:01 Arbalester
33:23 Conscription
35:19 Chemistry
35:09 Hand Cart
36:10 Hoardings
36:00 Man-at-Arms
36:25 Gambesons
36:41 Squires
36:26 Arson
36:58 Chain Mail Armor
37:19 Iron Casting
38:08 Long Swordsman
41:31 Plate Mail Armor
41:37 Iron Casting
40:25 Two-Handed Swordsman
42:01 Champion
45:04 Blast Furnace
44:05 Bracer
SubtilerAver
7:28 Loom
9:14 Feudal Age
13:50 Castle Age
11:58 Double-Bit Axe
12:50 Gold Mining
13:27 Stone Mining
18:02 Horse Collar
18:55 Bow Saw
19:36 Heavy Plow
22:54 Pikeman
25:41 Fortified Wall
32:36 Light Cavalry
33:27 Bloodlines
33:17 Husbandry
RostiDa
4:16 Loom
8:58 Feudal Age
12:41 Castle Age
10:55 Double-Bit Axe
15:17 Bow Saw
14:50 Horse Collar
17:26 Wheelbarrow
23:07 Scale Barding Armor
24:51 Elite Skirmisher
28:13 Chain Barding Armor
29:57 Chemistry
29:18 Ballistics
29:26 Heavy Plow
29:33 Fletching
29:45 Padded Archer Armor
33:03 Imperial Age
31:16 Bodkin Arrow
33:12 Leather Archer Armor
34:06 Bracer
33:50 Cavalier
37:12 Two-Man Saw
36:42 Fortified Wall
37:57 Conscription
38:49 Wagenburg Tactics
42:01 Onager
Connection lost

Rejoining the realm…

Still unreachable

The connection could not be restored.

Session expired

The server has moved on; the page needs a fresh start.